[ PARTIDA AOE2 · #477291077 ]
UnrankedSarracenos vs Ethiopians
[ ANÁLISIS DE REPETICIÓN · EXTRAÍDO DE LA PARTIDA GRABADA ]
Feudal
12:27
Castillos
24:03
Imperial
—
| APM promedio | 26.9 |
| APM pico | 62 |
| eAPM promedio | 11.5 |
| Aldeanos / militares | 42 / 17 |
Foco
⚔️ 21.4% · 🌾 78.6%
Archer ×9 · Knight ×6 · Spearman ×2
Feudal
11:59
Castillos
—
Imperial
—
| APM promedio | 18.7 |
| APM pico | 42 |
| eAPM promedio | 10.2 |
| Aldeanos / militares | 44 / 30 |
Foco
⚔️ 37.7% · 🌾 62.3%
Skirmisher ×15 · Archer ×12 · Spearman ×2 · Militia ×1
Feudal
10:43
Castillos
21:07
Imperial
—
| APM promedio | 47.7 |
| APM pico | 109 |
| eAPM promedio | 15.3 |
| Aldeanos / militares | 56 / 16 |
Foco
⚔️ 21.9% · 🌾 78.1%
Skirmisher ×13 · Spearman ×3
Feudal
12:21
Castillos
21:23
Imperial
—
| APM promedio | 28.3 |
| APM pico | 47 |
| eAPM promedio | 12.3 |
| Aldeanos / militares | 69 / 18 |
Foco
⚔️ 18.3% · 🌾 81.7%
Archer ×17 · Spearman ×1
Mapa de la partida
Recursos iniciales + cada clic de construcción. Líneas = muros · curvas = relieve. ◆ oro · ⬟ piedra · ● bayas · ✦ reliquia · ◌ hueco del cierre
Tu base· ✓ Cerrada en 24:03 · 49t muro · 3 puerta(s)
Base de Buitragox· Abierta — flanco sin cerrar
Base de Fannekin· ✓ Cerrada en 21:07 · 64t muro · sin puerta
Base de The Companion· ✓ Cerrada en 21:23 · 47t muro · sin puerta
Terreno inicial suavizado · ◌ = hueco del cierre detectado · pasá el cursor para detalles
Inputs por minuto
— Bedouin99 - - Buitragox
Build order — Bedouin99
121 acciones detectadas en el replay
| 0:01 | Crear | Villager (Male) |
| 0:02 | Crear | Villager (Male) |
| 0:02 | Crear | Villager (Male) |
| 0:02 | Crear | Villager (Male) |
| 0:02 | Crear | Villager (Male) |
| 0:05 | Construir | House |
| 0:07 | Construir | House |
| 1:49 | Crear | Villager (Male) |
| 1:49 | Crear | Villager (Male) |
| 2:06 | Crear | Villager (Male) |
| 2:06 | Crear | Villager (Male) |
| 2:35 | Crear | Villager (Male) |
| 2:35 | Crear | Villager (Male) |
| 3:14 | Crear | Villager (Male) |
| 3:32 | Crear | Villager (Male) |
| 3:33 | Crear | Villager (Male) |
| 3:35 | Investigar | Loom |
| 4:01 | Construir | House |
| 4:05 | Construir | House |
| 4:11 | Construir | Palisade Gate |
| 4:19 | Construir | Mill |
| 4:30 | Construir | Mill |
| 4:33 | Crear | Villager (Male) |
| 4:33 | Crear | Villager (Male) |
| 4:34 | Crear | Villager (Male) |
| 4:44 | Construir | Palisade Wall |
| 4:50 | Crear | Villager (Male) |
| 4:50 | Crear | Villager (Male) |
| 5:12 | Crear | Villager (Male) |
| 5:12 | Crear | Villager (Male) |
| 6:08 | Crear | Villager (Male) |
| 6:08 | Crear | Villager (Male) |
| 6:08 | Crear | Villager (Male) |
| 7:01 | Construir | Palisade Gate |
| 7:03 | Construir | House |
| 7:10 | Construir | Palisade Wall |
| 7:18 | Crear | Villager (Male) |
| 7:19 | Crear | Villager (Male) |
| 7:19 | Crear | Villager (Male) |
| 7:29 | Construir | Lumber Camp |
| 7:31 | Crear | Villager (Male) |
| 7:32 | Crear | Villager (Male) |
| 7:55 | Construir | House |
| 8:06 | Construir | Palisade Wall |
| 8:20 | Construir | House |
| 8:22 | Construir | House |
| 8:27 | Construir | Palisade Wall |
| 8:49 | Crear | Villager (Male) |
| 8:49 | Crear | Villager (Male) |
| 9:15 | Crear | Villager (Male) |
| 10:17 | Investigar | Feudal Age |
| 10:29 | Construir | Mining Camp |
| 10:59 | Construir | House |
| 11:01 | Construir | Palisade Wall |
| 11:09 | Construir | Palisade Gate |
| 11:26 | Construir | Lumber Camp |
| 11:52 | Crear | Villager (Male) |
| 11:52 | Crear | Villager (Male) |
| 12:21 | Construir | Barracks |
| 12:27 | Edad | Edad Feudal |
| 12:31 | Crear | Villager (Male) |
| 12:31 | Crear | Villager (Male) |
| 13:25 | Construir | Archery Range |
| 13:33 | Investigar | Double-Bit Axe |
| 13:50 | Investigar | Horse Collar |
| 13:52 | Crear | Villager (Male) |
| 13:53 | Crear | Villager (Male) |
| 14:07 | Construir | Mill |
| 14:37 | Construir | Archery Range |
| 14:39 | Construir | Palisade Wall |
| 14:44 | Construir | Palisade Wall |
| 14:50 | Crear | Archer |
| 14:50 | Crear | Archer |
| 15:04 | Crear | Villager (Male) |
| 15:04 | Crear | Villager (Male) |
| 15:20 | Crear | Archer |
| 15:20 | Crear | Archer |
| 15:31 | Construir | Market |
| 15:33 | Construir | House |
| 15:41 | Crear | Archer |
| 15:42 | Crear | Archer |
| 15:48 | Crear | Archer |
| 15:54 | Crear | Archer |
| 15:55 | Crear | Archer |
| 16:02 | Construir | Farm |
| 16:14 | Crear | Villager (Male) |
| 16:15 | Crear | Villager (Male) |
| 16:32 | Construir | Blacksmith |
| 16:44 | Construir | Farm |
| 16:48 | Construir | Farm |
| 17:17 | Construir | Farm |
| 17:18 | Construir | Farm |
| 17:27 | Crear | Spearman |
| 17:27 | Crear | Spearman |
| 17:42 | Investigar | Fletching |
| 18:01 | Construir | Farm |
| 18:02 | Construir | Farm |
| 18:03 | Construir | Farm |
| 18:50 | Construir | Farm |
| 18:51 | Construir | Farm |
| 18:52 | Construir | Farm |
| 18:53 | Construir | Farm |
| 19:35 | Construir | Market |
| 20:14 | Construir | Stable |
| 21:23 | Investigar | Castle Age |
| 21:38 | Construir | Stable |
| 24:03 | Edad | Edad de los Castillos |
| 24:16 | Crear | Knight |
| 24:16 | Crear | Knight |
| 24:16 | Crear | Knight |
| 24:17 | Crear | Knight |
| 24:29 | Investigar | Forging |
| 24:30 | Investigar | Scale Barding Armor |
| 24:47 | Construir | Town Center |
| 25:01 | Crear | Knight |
| 25:01 | Crear | Knight |
| 25:06 | Construir | Farm |
| 25:07 | Construir | Farm |
| 25:13 | Construir | Palisade Wall |
| 25:20 | Construir | Farm |
| 26:06 | Investigar | Bodkin Arrow |
Build order — Buitragox
125 acciones detectadas en el replay
| 0:03 | Crear | Villager (Male) ×4 |
| 0:04 | Crear | Villager (Male) ×4 |
| 0:06 | Construir | House |
| 0:08 | Construir | House |
| 2:03 | Crear | Villager (Male) |
| 2:03 | Crear | Villager (Male) |
| 2:04 | Crear | Villager (Male) |
| 2:39 | Crear | Villager (Male) |
| 3:32 | Crear | Villager (Male) |
| 3:32 | Crear | Villager (Male) |
| 3:32 | Crear | Villager (Male) |
| 4:16 | Crear | Villager (Male) |
| 4:27 | Crear | Villager (Male) |
| 5:18 | Crear | Villager (Male) |
| 5:52 | Construir | Lumber Camp |
| 5:53 | Crear | Villager (Male) |
| 6:14 | Crear | Villager (Male) |
| 6:28 | Construir | House |
| 6:38 | Investigar | Loom |
| 7:02 | Crear | Villager (Male) |
| 7:19 | Construir | House |
| 7:22 | Crear | Villager (Male) |
| 7:30 | Crear | Villager (Male) |
| 8:06 | Crear | Villager (Male) |
| 8:37 | Construir | Mill |
| 9:00 | Crear | Villager (Male) |
| 9:49 | Investigar | Feudal Age |
| 9:50 | Investigar | Feudal Age |
| 9:50 | Investigar | Feudal Age |
| 10:45 | Construir | Barracks |
| 11:29 | Construir | Mining Camp |
| 11:59 | Edad | Edad Feudal |
| 12:07 | Construir | Archery Range |
| 12:12 | Crear | Villager (Male) |
| 12:13 | Crear | Villager (Male) |
| 12:52 | Investigar | Double-Bit Axe |
| 13:10 | Construir | House |
| 13:19 | Crear | Villager (Male) |
| 13:20 | Crear | Villager (Male) |
| 13:35 | Construir | Archery Range |
| 13:43 | Crear | Villager (Male) |
| 14:09 | Construir | Blacksmith |
| 14:13 | Crear | Villager (Male) |
| 14:26 | Construir | Palisade Wall |
| 14:39 | Crear | Archer |
| 14:40 | Crear | Archer |
| 14:45 | Crear | Villager (Male) |
| 15:02 | Crear | Archer |
| 15:02 | Crear | Archer |
| 15:15 | Investigar | Fletching |
| 15:21 | Construir | House |
| 15:26 | Construir | Palisade Wall |
| 15:35 | Construir | Palisade Wall |
| 15:41 | Construir | House |
| 15:46 | Investigar | Padded Archer Armor |
| 16:03 | Crear | Archer |
| 16:24 | Construir | House |
| 16:30 | Construir | Palisade Wall |
| 16:40 | Crear | Villager (Male) |
| 16:45 | Crear | Skirmisher |
| 16:47 | Crear | Skirmisher |
| 17:03 | Construir | Palisade Wall |
| 17:08 | Crear | Skirmisher |
| 17:12 | Crear | Villager (Male) |
| 17:14 | Investigar | Gold Mining |
| 17:21 | Construir | House |
| 17:25 | Construir | Palisade Wall |
| 17:28 | Crear | Villager (Male) |
| 17:34 | Investigar | Horse Collar |
| 17:41 | Crear | Archer |
| 17:42 | Crear | Archer |
| 17:59 | Crear | Villager (Male) |
| 18:15 | Construir | Farm |
| 18:15 | Construir | Farm |
| 18:16 | Construir | Farm |
| 18:17 | Construir | Farm |
| 18:17 | Construir | Farm |
| 18:21 | Construir | Farm |
| 18:22 | Construir | Farm |
| 18:22 | Crear | Archer |
| 18:23 | Crear | Archer |
| 18:37 | Construir | Farm |
| 18:45 | Construir | Palisade Gate |
| 18:46 | Crear | Villager (Male) |
| 19:05 | Crear | Archer |
| 19:06 | Crear | Archer |
| 19:13 | Crear | Militia |
| 19:18 | Crear | Villager (Male) |
| 19:19 | Crear | Villager (Male) |
| 19:24 | Construir | Farm |
| 19:27 | Construir | Farm |
| 19:30 | Construir | Farm |
| 20:08 | Crear | Villager (Male) |
| 20:29 | Crear | Villager (Male) |
| 20:37 | Construir | Watch Tower |
| 21:03 | Crear | Villager (Male) |
| 21:14 | Construir | Mill |
| 21:16 | Construir | Farm |
| 21:17 | Construir | Farm |
| 21:18 | Construir | Farm |
| 21:19 | Construir | Farm |
| 21:21 | Construir | Farm |
| 21:33 | Crear | Archer |
| 21:34 | Crear | Skirmisher |
| 21:34 | Crear | Skirmisher |
| 21:34 | Crear | Skirmisher |
| 21:36 | Crear | Skirmisher |
| 21:48 | Crear | Spearman |
| 21:59 | Construir | Farm |
| 22:04 | Crear | Skirmisher |
| 22:04 | Crear | Skirmisher |
| 22:13 | Construir | Farm |
| 22:19 | Investigar | Wheelbarrow |
| 22:34 | Crear | Spearman |
| 22:36 | Crear | Skirmisher |
| 22:36 | Crear | Skirmisher |
| 23:19 | Crear | Skirmisher |
| 23:19 | Crear | Skirmisher |
| 23:28 | Crear | Villager (Male) |
| 23:49 | Construir | House |
| 24:27 | Construir | House |
| 24:38 | Crear | Skirmisher |
| 24:39 | Crear | Skirmisher |
| 25:02 | Crear | Villager (Male) |
| 25:11 | Construir | House |
Build order — Fannekin
Primeras 150 de 161 acciones detectadas
| 0:01 | Crear | Villager (Male) |
| 0:01 | Crear | Villager (Male) |
| 0:02 | Crear | Villager (Male) |
| 0:03 | Construir | House |
| 0:05 | Construir | House |
| 0:36 | Crear | Villager (Male) |
| 0:36 | Crear | Villager (Male) |
| 1:30 | Crear | Villager (Male) |
| 1:30 | Crear | Villager (Male) |
| 1:30 | Crear | Villager (Male) |
| 1:35 | Construir | Lumber Camp |
| 1:43 | Construir | Lumber Camp |
| 1:48 | Construir | House |
| 2:10 | Crear | Villager (Male) |
| 2:10 | Crear | Villager (Male) |
| 2:10 | Crear | Villager (Male) |
| 2:36 | Crear | Villager (Male) |
| 2:36 | Crear | Villager (Male) |
| 3:07 | Crear | Villager (Male) |
| 3:07 | Crear | Villager (Male) |
| 3:07 | Crear | Villager (Male) |
| 3:21 | Investigar | Loom |
| 3:46 | Construir | House |
| 3:53 | Construir | House |
| 4:02 | Crear | Villager (Male) |
| 4:03 | Crear | Villager (Male) |
| 4:03 | Crear | Villager (Male) |
| 4:03 | Crear | Villager (Male) |
| 4:27 | Construir | House |
| 4:46 | Crear | Villager (Male) |
| 4:46 | Crear | Villager (Male) |
| 4:47 | Crear | Villager (Male) |
| 4:47 | Crear | Villager (Male) |
| 4:47 | Crear | Villager (Male) |
| 4:48 | Crear | Villager (Male) |
| 5:11 | Construir | Palisade Wall |
| 5:14 | Construir | Palisade Wall |
| 5:48 | Crear | Villager (Male) |
| 5:48 | Crear | Villager (Male) |
| 6:37 | Crear | Villager (Male) |
| 6:46 | Construir | Mill |
| 7:04 | Construir | Palisade Wall |
| 7:06 | Construir | Palisade Wall |
| 7:08 | Construir | Palisade Wall |
| 8:08 | Crear | Villager (Male) |
| 8:14 | Crear | Villager (Male) |
| 8:17 | Investigar | Feudal Age |
| 8:29 | Construir | House |
| 8:32 | Construir | Palisade Wall |
| 8:34 | Construir | Palisade Wall |
| 8:47 | Crear | Villager (Male) |
| 8:50 | Crear | Villager (Male) |
| 9:01 | Construir | House |
| 9:04 | Construir | Palisade Wall |
| 9:25 | Construir | Palisade Wall |
| 9:31 | Crear | Villager (Male) |
| 9:54 | Construir | Barracks |
| 10:43 | Edad | Edad Feudal |
| 10:49 | Investigar | Double-Bit Axe |
| 10:53 | Crear | Villager (Male) |
| 11:11 | Construir | Mining Camp |
| 11:18 | Construir | House |
| 11:23 | Construir | House |
| 11:24 | Construir | House |
| 11:26 | Construir | House |
| 11:29 | Crear | Villager (Male) |
| 11:30 | Crear | Villager (Male) |
| 11:30 | Crear | Villager (Male) |
| 12:46 | Construir | Barracks |
| 12:53 | Construir | Blacksmith |
| 12:56 | Investigar | Horse Collar |
| 13:02 | Investigar | Horse Collar |
| 13:04 | Construir | Farm |
| 13:06 | Construir | Farm |
| 13:09 | Crear | Villager (Male) |
| 13:10 | Crear | Villager (Male) |
| 13:15 | Construir | House |
| 13:24 | Crear | Spearman |
| 13:34 | Construir | Archery Range |
| 13:38 | Crear | Villager (Male) |
| 13:52 | Construir | Farm |
| 14:20 | Crear | Villager (Male) |
| 14:22 | Crear | Villager (Male) |
| 14:26 | Construir | Farm |
| 14:27 | Construir | Farm |
| 14:31 | Construir | Farm |
| 14:38 | Crear | Spearman |
| 14:57 | Construir | Farm |
| 15:32 | Construir | Market |
| 15:45 | Construir | Farm |
| 15:48 | Construir | Farm |
| 15:54 | Construir | Farm |
| 15:57 | Crear | Villager (Male) |
| 15:57 | Crear | Villager (Male) |
| 15:57 | Crear | Villager (Male) |
| 15:59 | Crear | Villager (Male) |
| 15:59 | Crear | Villager (Male) |
| 16:05 | Construir | Farm |
| 16:10 | Construir | Farm |
| 16:13 | Construir | Farm |
| 16:33 | Construir | Farm |
| 17:10 | Construir | Farm |
| 17:10 | Construir | Farm |
| 17:10 | Construir | Farm |
| 17:13 | Crear | Villager (Male) |
| 17:14 | Crear | Villager (Male) |
| 17:45 | Construir | House |
| 17:49 | Construir | Palisade Wall |
| 17:56 | Crear | Villager (Male) |
| 18:01 | Construir | Farm |
| 18:06 | Investigar | Castle Age |
| 18:35 | Construir | House |
| 18:40 | Construir | House |
| 18:43 | Crear | Skirmisher |
| 18:43 | Crear | Skirmisher |
| 18:44 | Crear | Skirmisher |
| 18:58 | Construir | Watch Tower |
| 19:00 | Construir | House |
| 19:05 | Construir | House |
| 19:19 | Construir | House |
| 19:48 | Construir | Lumber Camp |
| 21:07 | Edad | Edad de los Castillos |
| 21:07 | Crear | Skirmisher |
| 21:08 | Crear | Skirmisher |
| 21:09 | Crear | Skirmisher |
| 21:09 | Crear | Skirmisher |
| 21:10 | Crear | Skirmisher |
| 21:24 | Construir | House |
| 21:25 | Construir | House |
| 21:31 | Crear | Villager (Male) |
| 21:32 | Crear | Villager (Male) |
| 21:32 | Crear | Villager (Male) |
| 21:33 | Crear | Villager (Male) |
| 21:34 | Crear | Villager (Male) |
| 21:46 | Investigar | Bow Saw |
| 22:45 | Construir | Archery Range |
| 22:52 | Crear | Skirmisher |
| 23:18 | Investigar | Elite Skirmisher (upgrade) |
| 23:21 | Investigar | Fletching |
| 23:50 | Crear | Skirmisher |
| 23:50 | Crear | Skirmisher |
| 23:51 | Crear | Skirmisher |
| 24:01 | Investigar | Pikeman (upgrade) |
| 24:10 | Crear | Spearman |
| 24:12 | Investigar | Bow Saw |
| 24:16 | Construir | House |
| 24:18 | Construir | Palisade Wall |
| 24:26 | Crear | Skirmisher |
| 24:56 | Investigar | Padded Archer Armor |
| 25:21 | Construir | Mill |
Build order — The Companion
141 acciones detectadas en el replay
| 0:02 | Crear | Villager (Male) |
| 0:02 | Crear | Villager (Male) |
| 0:03 | Crear | Villager (Male) |
| 0:06 | Construir | House |
| 0:08 | Construir | House |
| 1:27 | Crear | Villager (Male) |
| 1:27 | Crear | Villager (Male) |
| 2:06 | Crear | Villager (Male) |
| 2:17 | Construir | Lumber Camp |
| 2:33 | Crear | Villager (Male) |
| 2:34 | Crear | Villager (Male) |
| 3:00 | Construir | Palisade Wall |
| 3:05 | Crear | Villager (Male) |
| 3:14 | Construir | House |
| 3:15 | Construir | House |
| 3:19 | Crear | Villager (Male) |
| 3:20 | Crear | Villager (Male) |
| 3:24 | Investigar | Loom |
| 3:36 | Crear | Villager (Male) |
| 3:36 | Crear | Villager (Male) |
| 3:53 | Crear | Villager (Male) |
| 3:54 | Crear | Villager (Male) |
| 4:11 | Crear | Villager (Male) |
| 4:11 | Crear | Villager (Male) |
| 4:58 | Crear | Villager (Male) |
| 5:53 | Crear | Villager (Male) |
| 5:53 | Crear | Villager (Male) |
| 5:53 | Crear | Villager (Male) |
| 5:54 | Crear | Villager (Male) |
| 6:31 | Crear | Villager (Male) |
| 7:17 | Construir | Mining Camp |
| 7:33 | Crear | Villager (Male) |
| 7:33 | Crear | Villager (Male) |
| 8:06 | Construir | House |
| 8:12 | Construir | House |
| 8:18 | Crear | Villager (Male) |
| 8:49 | Construir | Palisade Wall |
| 8:55 | Construir | Palisade Wall |
| 8:58 | Construir | Palisade Wall |
| 9:06 | Construir | Barracks |
| 9:13 | Construir | House |
| 9:15 | Construir | House |
| 9:20 | Construir | Palisade Gate |
| 9:21 | Crear | Villager (Male) |
| 9:22 | Crear | Villager (Male) |
| 9:25 | Construir | Palisade Wall |
| 9:37 | Construir | Palisade Wall |
| 9:59 | Investigar | Feudal Age |
| 10:30 | Construir | Lumber Camp |
| 11:11 | Construir | Mill |
| 11:17 | Crear | Villager (Male) |
| 12:21 | Edad | Edad Feudal |
| 12:25 | Crear | Villager (Male) |
| 12:26 | Crear | Villager (Male) |
| 12:27 | Construir | Archery Range |
| 12:29 | Investigar | Double-Bit Axe |
| 12:46 | Crear | Spearman |
| 12:48 | Construir | Archery Range |
| 13:44 | Crear | Villager (Male) |
| 13:44 | Crear | Villager (Male) |
| 13:46 | Crear | Archer |
| 13:46 | Crear | Archer |
| 13:47 | Crear | Archer |
| 13:47 | Crear | Archer |
| 13:47 | Crear | Archer |
| 13:47 | Crear | Archer |
| 13:48 | Crear | Archer |
| 13:48 | Crear | Archer |
| 14:34 | Crear | Archer |
| 14:35 | Crear | Archer |
| 14:35 | Crear | Villager (Male) |
| 14:36 | Crear | Villager (Male) |
| 14:39 | Construir | Farm |
| 15:05 | Construir | Blacksmith |
| 15:07 | Construir | House |
| 15:21 | Construir | Farm |
| 15:23 | Construir | Farm |
| 15:26 | Construir | Farm |
| 15:30 | Construir | Farm |
| 15:36 | Construir | Farm |
| 15:38 | Construir | Farm |
| 15:40 | Construir | Farm |
| 16:00 | Crear | Villager (Male) |
| 16:00 | Crear | Villager (Male) |
| 16:03 | Construir | Farm |
| 16:05 | Construir | Farm |
| 16:37 | Construir | Market |
| 16:47 | Construir | Mining Camp |
| 16:58 | Investigar | Fletching |
| 17:07 | Construir | Farm |
| 17:13 | Construir | Farm |
| 17:14 | Construir | Farm |
| 18:04 | Construir | Farm |
| 18:43 | Investigar | Castle Age |
| 21:23 | Edad | Edad de los Castillos |
| 21:30 | Crear | Villager (Male) |
| 21:31 | Crear | Villager (Male) |
| 21:31 | Crear | Villager (Male) |
| 21:45 | Construir | Town Center |
| 21:51 | Construir | Town Center |
| 21:57 | Investigar | Crossbowman (upgrade) |
| 22:03 | Investigar | Bodkin Arrow |
| 22:54 | Crear | Villager (Male) |
| 22:55 | Crear | Villager (Male) |
| 22:55 | Crear | Villager (Male) |
| 22:55 | Crear | Villager (Male) |
| 22:55 | Crear | Villager (Male) |
| 22:56 | Crear | Villager (Male) |
| 22:56 | Crear | Villager (Male) |
| 22:57 | Crear | Villager (Male) |
| 22:57 | Crear | Villager (Male) |
| 23:05 | Construir | Farm |
| 23:06 | Construir | Farm |
| 24:06 | Crear | Archer |
| 24:06 | Crear | Archer |
| 24:06 | Crear | Archer |
| 24:07 | Crear | Archer |
| 24:07 | Crear | Archer |
| 24:07 | Crear | Archer |
| 24:07 | Crear | Archer |
| 24:08 | Crear | Villager (Male) |
| 24:09 | Crear | Villager (Male) |
| 24:09 | Crear | Villager (Male) |
| 24:10 | Crear | Villager (Male) |
| 24:10 | Crear | Villager (Male) |
| 24:10 | Crear | Villager (Male) |
| 24:10 | Crear | Villager (Male) |
| 24:10 | Crear | Villager (Male) |
| 24:11 | Crear | Villager (Male) |
| 24:11 | Crear | Villager (Male) |
| 24:11 | Crear | Villager (Male) |
| 24:11 | Crear | Villager (Male) |
| 24:12 | Crear | Villager (Male) |
| 25:45 | Construir | Siege Workshop |
| 25:48 | Crear | Villager (Male) |
| 25:48 | Crear | Villager (Male) |
| 25:49 | Crear | Villager (Male) |
| 25:49 | Crear | Villager (Male) |
| 25:49 | Crear | Villager (Male) |
| 26:10 | Crear | Villager (Male) |
| 26:10 | Crear | Villager (Male) |
Cronología de la partida
| 3:00 | The Companion · wall_segment Palisade Wall x1 |
| 4:44 | Bedouin99 · wall_segment Palisade Wall x9 |
| 5:11 | Fannekin · wall_segment Palisade Wall x5 |
| 5:14 | Fannekin · wall_segment Palisade Wall x7 |
| 7:04 | Fannekin · wall_segment Palisade Wall x7 |
| 7:06 | Fannekin · wall_segment Palisade Wall x5 |
| 7:08 | Fannekin · wall_segment Palisade Wall x5 |
| 7:10 | Bedouin99 · wall_segment Palisade Wall x9 |
| 8:06 | Bedouin99 · wall_segment Palisade Wall x6 |
| 8:27 | Bedouin99 · wall_segment Palisade Wall x21 |
| 8:32 | Fannekin · wall_segment Palisade Wall x3 |
| 8:34 | Fannekin · wall_segment Palisade Wall x12 |
| 8:49 | The Companion · wall_segment Palisade Wall x28 |
| 8:55 | The Companion · wall_segment Palisade Wall x5 |
| 8:58 | The Companion · wall_segment Palisade Wall x7 |
| 9:04 | Fannekin · wall_segment Palisade Wall x8 |
| 9:06 | The Companion · first_building Barracks |
| 9:25 | The Companion · wall_segment Palisade Wall x6 |
| 9:25 | Fannekin · wall_segment Palisade Wall x7 |
| 9:37 | The Companion · wall_segment Palisade Wall x1 |
| 9:54 | Fannekin · first_building Barracks |
| 10:43 | Fannekin · age_up feudal |
| 10:45 | Buitragox · first_building Barracks |
| 11:01 | Bedouin99 · wall_segment Palisade Wall x1 |
| 11:59 | Buitragox · age_up feudal |
| 12:07 | Buitragox · first_building Archery Range |
| 12:21 | Bedouin99 · first_building Barracks |
| 12:21 | The Companion · age_up feudal |
| 12:27 | Bedouin99 · age_up feudal |
| 12:27 | The Companion · first_building Archery Range |
| 13:25 | Bedouin99 · first_building Archery Range |
| 13:34 | Fannekin · first_building Archery Range |
| 14:26 | Buitragox · wall_segment Palisade Wall x1 |
| 14:39 | Bedouin99 · wall_segment Palisade Wall x1 |
| 14:44 | Bedouin99 · wall_segment Palisade Wall x2 |
| 15:26 | Buitragox · wall_segment Palisade Wall x7 |
| 15:35 | Buitragox · wall_segment Palisade Wall x15 |
| 16:30 | Buitragox · wall_segment Palisade Wall x15 |
| 17:03 | Buitragox · wall_segment Palisade Wall x1 |
| 17:25 | Buitragox · wall_segment Palisade Wall x9 |
| 17:49 | Fannekin · wall_segment Palisade Wall x9 |
| 20:14 | Bedouin99 · first_building Stable |
| 21:07 | Fannekin · age_up castle |
| 21:23 | The Companion · age_up castle |
| 24:03 | Bedouin99 · age_up castle |
| 24:18 | Fannekin · wall_segment Palisade Wall x9 |
| 25:13 | Bedouin99 · wall_segment Palisade Wall x1 |
| 25:45 | The Companion · first_building Siege Workshop |
| 26:04 | Fannekin · wall_segment Palisade Wall x1 |
| 26:14 | Buitragox · resign |
[ ANÁLISIS IA · 1 CRÉDITO ]
¿Qué pasó realmente en esta partida?
Wolo.gg analiza cada decisión: build order, eco, micro, errores típicos por bracket. Análisis personalizado por WhatsApp o Discord en 30 segundos.
Guía civ
Sarracenos
Perfil
Jugador #3375438